AoeStats
← majostgr

Arena

508932786Analyzed
2v2 RM · 6d ago on Sep 24, 2026· 41m 18s· 4 players
Game mode
Random Map
Map size
Medium (4 player)
Population
200
Speed
Normal
Resources
Standard
Victory
Conquest
Starting age
Dark Age
Ending age
Imperial Age
RankedLock teamsTeams togetherTeam positionsShared explorationLock speedFull tech treeHidden civsTurbo modeCheats
Victory
Defeat
🇹🇷 Bohemians · Türkiye
1244
+14
🇸🇰 Burgundians · Slovakia
1213
+16
🇺🇸 Danes · United States
1206
-15
🇺🇸 Ethiopians · United States
1205
-15
Selat09
7:29 Loom
10:03 Feudal Age
14:40 Castle Age
12:55 Double-Bit Axe
13:49 Horse Collar
16:21 Bow Saw
19:49 Chemistry
20:46 Town Watch
24:55 Wheelbarrow
24:41 Town Patrol
31:24 Imperial Age
32:22 Heavy Scorpion
37:27 Two-Man Saw
36:29 Heavy Plow
40:35 Houfnice
41:54 Hand Cart
majostgr
8:28 Double-Bit Axe
8:53 Loom
11:25 Feudal Age
10:16 Horse Collar
16:33 Castle Age
19:24 Bow Saw
21:54 Wheelbarrow
24:43 Heavy Plow
24:57 Cavalier
27:27 Scale Barding Armor
27:21 Gold Mining
30:38 Gold Shaft Mining
30:23 Hand Cart
33:44 Imperial Age
32:51 Padded Archer Armor
33:12 Chain Barding Armor
33:04 Forging
34:19 Two-Man Saw
33:46 Husbandry
35:47 Chemistry
36:48 Conscription
37:47 Plate Barding Armor
39:33 Iron Casting
39:13 Leather Archer Armor
38:35 Paladin
Carmilla
10:50 Feudal Age
15:04 Castle Age
13:20 Double-Bit Axe
13:17 Horse Collar
15:53 Squires
16:15 Bow Saw
15:53 Man-at-Arms
16:51 Long Swordsman
19:58 Forging
21:11 Gold Mining
21:57 Scale Mail Armor
24:11 Heavy Plow
26:52 Wheelbarrow
28:42 Hand Cart
28:15 Loom
29:55 Iron Casting
33:07 Imperial Age
32:06 Chain Mail Armor
33:05 Ballistics
32:52 Gambesons
34:54 Conscription
34:00 Two-Handed Swordsman
37:29 Blast Furnace
37:47 Masonry
37:36 Town Watch
37:57 Arson
38:46 Plate Mail Armor
38:32 Champion
41:18 Fletching
41:29 Padded Archer Armor
Worker
6:14 Loom
10:54 Feudal Age
15:30 Castle Age
14:36 Double-Bit Axe
14:33 Horse Collar
15:04 Fletching
16:11 Crossbowman
22:11 Bow Saw
23:27 Heavy Plow
25:37 Bodkin Arrow
25:43 Padded Archer Armor
27:43 Gold Mining
28:19 Husbandry
27:44 Light Cavalry
31:33 Forging
31:40 Leather Archer Armor
38:09 Imperial Age
35:26 Loom
36:41 Wheelbarrow
35:51 Town Watch
36:57 Scale Barding Armor
37:00 Thumb Ring
38:22 Arbalester
Connection lost

Rejoining the realm…

Still unreachable

The connection could not be restored.

Session expired

The server has moved on; the page needs a fresh start.